 Dungeon Crawl Stone Soup version 0.20-a0-267-g4a7ec2a (webtiles) character file.

10370 Kadarus the Basher (level 11, -5/75 HPs)
             Began as a Formicid Fighter on Dec 5, 2016.
             Was a Priest of Makhleb.
             Slain by a jumping spider (6 damage)
             ... on level 3 of the Lair of Beasts on Dec 6, 2016.
             The game lasted 00:44:16 (11902 turns).

Kadarus the Basher (Formicid Fighter)              Turns: 11902, Time: 00:44:17

Health: -5/75      AC: 18    Str: 23    XL:     11   Next: 91%
Magic:  20/20      EV:  8    Int: 10    God:    Makhleb [***...]
Gold:   160        SH: 12    Dex: 11    Spells: 10/10 levels left

rFire  . . .     SeeInvis +     d - +1 dire flail (drain)
rCold  . . .     Gourm    .     x - +3 chain mail {MR+}
rNeg   . . .     Faith    .     c - +1 shield
rPois  .         Spirit   .     (helmet unavailable)
rElec  +         Reflect  .     k - +0 cloak
rCorr  .         Harm     .     (no gloves)
MR     ++...                    n - +2 pair of boots
Stlth  ..........               (no amulet)
                                (no ring)
                                u - +2 ring of protection

@: no status effects
A: permanent stasis, dig shafts and tunnels, four strong arms, antennae 3,
clever 1, electricity resistance
a: Dig, Shaft Self, Minor Destruction, Lesser Servant of Makhleb, Renounce
Religion


You were on level 3 of the Lair of Beasts.
You worshipped Makhleb.
Makhleb was most pleased with you.
You were not hungry.

You visited 2 branches of the dungeon, and saw 12 of its levels.

You collected 589 gold pieces.
You spent 429 gold pieces at shops.

Inventory:

Hand Weapons
 d - a +1 dire flail of draining (weapon)
Armour
 c - a +1 shield (worn)
 k - a +0 cloak (worn)
 n - a +2 pair of boots (worn)
 x - a +3 chain mail of magic resistance (worn)
Jewellery
 l - a +5 ring of protection
 u - a +2 ring of protection (left hand)
Wands
 y - a wand of iceblast (0/15)
 A - a wand of confusion (29/48)
Scrolls
 a - a scroll of brand weapon {unknown}
 e - a scroll of recharging {unknown}
 g - a scroll of fog
 m - 8 scrolls of remove curse
 r - a scroll of amnesia {unknown}
 t - a scroll of enchant weapon
Potions
 h - 7 potions of curing
 p - a potion of resistance
 s - a potion of flight
Comestibles
 b - a meat ration
 f - 7 bread rations
 i - 4 fruits
 j - 3 chunks of flesh


   Skills:
 - Level 3.4 Fighting
 + Level 12.6 Maces & Flails
 - Level 3.3 Armour
 - Level 0.6 Dodging
 - Level 9.1 Shields
 + Level 12.3 Invocations


You had 10 spell levels left.
You didn't know any spells.

Dungeon Overview and Level Annotations

Branches:
Dungeon (9/15)             Temple (0/1) D:5            Lair (3/6) D:8
 Spider (0/4) Lair:3
  Swamp: Lair:2-4    Shoals: Lair:2-4       Orc: D:9-12

Altars:
Dithmenos
Fedhas
Gozag
Makhleb
Qazlal
Ru
Vehumet
Zin

Shops:
D:4 *   D:6 :

Annotations:
D:9 Psyche


Innate Abilities, Weirdness & Mutations

You cannot be hasted, slowed, berserked, paralysed or teleported.
You can dig through walls and to a lower floor.
Your four strong arms can wield two-handed weapons with a shield.
You have a pair of large antennae on your head. (SInv)
Your mind is acute. (Int +2)
You are resistant to electric shocks. (rElec)


Message History

Okay, then.
You disentangle yourself.
You block the redback's attack. The jumping spider pounces on you!
* * * LOW HITPOINT WARNING * * *
You are caught in a web!
The jumping spider bites you but does no damage.
The jumping spider pounces on you.
* * * LOW HITPOINT WARNING * * *
You are even more entangled.
The jumping spider bites you.
* * * LOW HITPOINT WARNING * * *
The jumping spider pounces on you but does no damage.
The jumping spider bites you but does no damage.
Your hellwing hits the redback. x2
The jumping spider pounces on you but does no damage.
The jumping spider completely misses you.
The jumping spider barely misses you.
The jumping spider bites you but does no damage.
You disentangle yourself.
The jumping spider leaps!
The jumping spider pounces on you.
You die...

.... ##.............
#............. #
#........P.#.. #.
###............. ...
#............... #..
##.............. ..
###............(
#..#.####sPs.....#+####
#.......s§@s.....≈.
#......##s##P...s.≈
#......P#P4# ...≈≈≈≈
≈......##### #..≈≈≈≈
#≈≈≈##. ..≈≈≈≈ #... ##
..≈≈≈. ..>s .≈≈≈≈. #.


You could see 4 jumping spiders, 2 redbacks and a friendly hellwing.

Vanquished Creatures
  A hydra (Lair:2)
  The ghost of bear the Thaumaturge, a novice DEFE of Vehumet (D:8)
  Pikel (D:8)
  A black mamba (Lair:1)
  2 spiny frogs
  A polar bear (Lair:2)
  A two-headed ogre (D:9)
  The ghost of Shenda the Slasher, an amateur DsGl of Dithmenos (D:4)
  2 hippogriffs
  2 yaks (Lair:1)
  A basilisk (Lair:1)
  A hungry ghost (D:8)
  Menkaure (D:7)
  8 porcupines
  4 water moccasins
  A swamp drake (D:9)
  3 ice beasts
  2 slaves (D:8)
  3 orc warriors
  4 wolves
  2 phantoms
  A centaur (D:8)
  4 ogres
  12 crocodiles
  A bullfrog (Lair:2)
  3 scorpions
  3 killer bees (D:8)
  12 wights
  3 crimson imps
  5 orc priests
  2 jellies
  A centaur zombie (D:5)
  A hound (D:6)
  2 iguanas
  Crazy Yiuf (D:5)
  A centaur skeleton (D:6)
  Terence (D:3)
  10 orc wizards
  A worker ant (D:4)
  3 gnolls (D:5)
  8 adders
  3 shadow imps
  An ooze (D:3)
  3 worms
  2 dart slugs
  8 leopard geckos
  21 orcs
  8 bats
  14 giant cockroaches
  13 goblins
  5 hobgoblins
  8 jackals
  A quokka (D:3)
  3 frilled lizards
  5 kobolds
  7 rats
220 creatures vanquished.

Vanquished Creatures (collateral kills)
  4 yaks (Lair:1)
  2 water moccasins
  3 wolves (Lair:3)
  A crocodile (Lair:3)
  A bullfrog (Lair:3)
11 creatures vanquished.

Vanquished Creatures (others)
  An orc (D:9)
1 creature vanquished.

Grand Total: 232 creatures vanquished

Notes
Turn   | Place    | Note
-------+----------+-------------------------------------------
     0 | D:1      | Kadarus the Formicid Fighter began the quest for the Orb.
     0 | D:1      | Reached XP level 1. HP: 18/18 MP: 1/1
     0 | D:1      | Upgraded the game from 0.20-a0-266-gdedccd6 to 0.20-a0-267-g4a7ec2a
    27 | D:1      | Reached XP level 2. HP: 24/24 MP: 2/2
   144 | D:1      | Reached XP level 3. HP: 28/29 MP: 3/3
   810 | D:1      | You fall through a shaft!
  1429 | D:2      | Found a burning altar of Makhleb.
  1444 | D:2      | Became a worshipper of Makhleb the Destroyer
  1478 | D:2      | Reached XP level 4. HP: 35/35 MP: 4/4
  1528 | D:2      | Found an opulent altar of Gozag.
  1685 | D:2      | Found a sacrificial altar of Ru.
  1785 | D:2      | Reached skill level 5 in Shields
  2768 | D:3      | Reached XP level 5. HP: 34/41 MP: 5/5
  2974 | D:3      | Noticed Terence
  2997 | D:3      | Killed Terence
  3003 | D:3      | Found a radiant altar of Vehumet.
  3270 | D:3      | Reached XP level 6. HP: 45/47 MP: 6/6
  3563 | D:4      | Found Vuimmysar's Assorted Antiques.
  3936 | D:4      | Found a stormy altar of Qazlal.
  4157 | D:4      | Reached * piety under Makhleb
  4453 | D:4      | Noticed an ogre
  4458 | D:4      | Killed an ogre
  4458 | D:4      | Reached XP level 7. HP: 52/52 MP: 7/7
  4494 | D:4      | Noticed Shenda's ghost (amateur DsGl)
  4535 | D:4      | Killed Shenda's ghost
  4535 | D:4      | Reached skill level 5 in Maces & Flails
  5034 | D:4      | Bought a scroll of identify for 66 gold pieces
  5040 | D:5      | Entered Level 5 of the Dungeon
  5113 | D:5      | You fall through a shaft for 2 floors!
  5297 | D:6      | Found Cava's Book Emporium.
  5546 | D:5      | Reached XP level 8. HP: 49/58 MP: 8/8
  5598 | D:5      | Found a runed door.
  5602 | D:5      | Gained mutation: You are resistant to electric shocks. (rElec) [potion of mutation]
  5602 | D:5      | Gained mutation: Your mind is acute. (Int +2) [potion of mutation]
  5747 | D:5      | Got a slimy broad axe
  5748 | D:5      | Identified the +3 broad axe of Joiffuh {freeze, MP+9} (You found it on level 5 of the Dungeon)
  5771 | D:5      | Found a staircase to the Ecumenical Temple.
  6203 | D:5      | Noticed Crazy Yiuf
  6208 | D:5      | Killed Crazy Yiuf
  6498 | D:6      | Reached skill level 1 in Invocations
  6618 | D:6      | Reached XP level 9. HP: 64/64 MP: 10/10
  6711 | D:6      | Reached ** piety under Makhleb
  7063 | D:6      | Reached skill level 5 in Invocations
  7195 | D:7      | Noticed Menkaure
  7202 | D:7      | Killed Menkaure
  7288 | D:7      | Found a glowing silver altar of Zin.
  7469 | D:7      | You fall through a shaft for 2 floors!
  8066 | D:9      | Noticed a two-headed ogre
  8074 | D:9      | Killed a two-headed ogre
  8074 | D:9      | Reached XP level 10. HP: 65/70 MP: 15/15
  8087 | D:9      | Noticed Psyche
  8555 | D:4      | Bought an agate ring for 165 gold pieces
  8555 | D:4      | Bought a short ivory wand for 132 gold pieces
  8561 | D:4      | Bought a scroll labeled ESMOUR PAQOM for 33 gold pieces
  8561 | D:4      | Bought a scroll labeled EMICYOWKOSH for 33 gold pieces
  8709 | D:7      | Reached skill level 10 in Maces & Flails
  8854 | D:8      | Noticed bear's ghost (novice DEFE)
  8869 | D:8      | Killed bear's ghost
  8869 | D:8      | Reached *** piety under Makhleb
  9057 | D:8      | Found a shadowy altar of Dithmenos.
  9082 | D:8      | Found a blossoming altar of Fedhas.
  9231 | D:8      | Noticed Pikel
  9255 | D:8      | Killed Pikel
  9344 | D:8      | Found a staircase to the Lair.
  9503 | Lair:1   | Entered Level 1 of the Lair of Beasts
  9741 | Lair:1   | Reached skill level 10 in Invocations
  9769 | Lair:1   | Reached XP level 11. HP: 69/75 MP: 18/18
 10999 | Lair:2   | Noticed a four-headed hydra
 11004 | Lair:2   | Killed a four-headed hydra
 11838 | Lair:3   | Reached **** piety under Makhleb
 11888 | Lair:3   | Found a hole to the Spider Nest.
 11901 | Lair:3   | HP: 1/75 [jumping spider (5)]
 11902 | Lair:3   | Slain by a jumping spider

Vault maps used:
D:1:      tarquinn_simple_flora_water_b, chequers_big_river,
          roderic_greek_sauvastika, minmay_misc_feat_plants
D:2:      lemuel_doored_altar, overflow_temple_1_default,
          grunt_gozag_breadcrumbs
D:3:      vehumet_crystals, kennysheep_generic_room_15, uniq_terence
D:4:      grunt_qazlal_clouds, first_bread, serial_shops, shop
D:5:      uniq_crazy_yiuf_cottage
D:6:      serial_shops, shop
D:7:      old_standard_altar, uniq_menkaure
D:8:      grunt_dithmenos_smoke_and_mirrors, fedhas_bush_and_centaur_altar,
          lair_entry_dummy, uniq_pikel
D:9:      lemuel_zombie_altar_kikubaaqudgha, gammafunk_temple_overflow_wave,
          tgw_trog, erik_orc_1, uniq_psyche
Lair:1:   beast_lair_carwin_5, grunt_megastairs_4
Lair:3:   nicolae_spider_entry_tight_spaces, cheibrodos_lair_lostbears,
          infiniplex_staircase_pool_2

Skill      XL: |  1  2  3  4  5  6  7  8  9 10 11 |
---------------+----------------------------------+-----
Shields        | 4 5 6 7 9 |  9.1
Maces & Flails | 3 4 5 7 9 11 12 | 12.6
Invocations    | 2 7 10 12 | 12.3
Fighting       | |  3.4
Armour         | |  3.3
Dodging        | |  0.6

Action                   |  1- 3 |  4- 6 |  7- 9 | 10-12 || total
-------------------------+-------+-------+-------+-------++-------
Melee: Flail             |   119 |   205 |   270 |       ||   594
       Dire flail        |       |       |   240 |   363 ||   603
Throw: Tomahawk          |       |    11 |     3 |       ||    14
       Javelin           |       |       |     3 |       ||     3
Invok: Minor Destruction |       |       |     9 |    31 ||    40
       Lesser Servant of |       |       |       |     4 ||     4
 Abil: Dig               |       |       |     6 |     1 ||     7
Evoke: Wand              |       |       |       |     3 ||     3
  Use: Potion            |     1 |     1 |     7 |       ||     9
       Scroll            |     3 |     5 |     4 |    11 ||    23
 Stab: Distracted        |       |       |       |     4 ||     4
  Eat: Meat ration       |     1 |       |     2 |       ||     3
       Beef jerky        |       |     1 |       |     2 ||     3
       Chunk             |       |     3 |     6 |     7 ||    16
       Royal jelly       |       |     1 |       |       ||     1
       Pizza             |       |       |       |     1 ||     1
       Bread ration      |       |       |       |     1 ||     1
Armor: Scale mail        |    48 |    24 |       |       ||    72
       Chain mail        |       |    41 |    86 |   117 ||   244
       Plate armour      |       |       |    25 |       ||    25
       Skin              |       |       |    10 |       ||    10
Dodge: Dodged            |    34 |    50 |    74 |    71 ||   229
Block: Shield            |    73 |   108 |   221 |   170 ||   572
